 Dungeon Crawl Stone Soup version 0.30-a0-718-geaa24f58ff (webtiles) character file.

Game seed: 14071577122546675546

37 Lobster4 the Trooper (level 3, -3/29 HPs)
             Began as a Human Wanderer on Jan 25, 2023.
             Slain by a gnoll
             ... wielding a +0 flail
              (7 damage)
             ... on level 2 of the Dungeon.
             The game lasted 00:03:52 (1098 turns).

Lobster4 the Trooper (Human Wanderer)               Turns: 1098, Time: 00:03:53

Health: -3/29      AC:  3    Str: 12    XL:     3   Next: 62%
Magic:  3/3        EV: 11    Int: 10    God:
Gold:   32         SH:  0    Dex: 16    Spells: 2/2 levels left

rFire   . . .      SeeInvis .    a - +2 dagger
rCold   . . .      Faith    .    (no shield)
rNeg    . . .      Spirit   .    e - +0 leather armour
rPois   .          Reflect  .    (no helmet)
rElec   .          Harm     .    (no cloak)
rCorr   .          Rampage  .    (no gloves)
Will    .....                    (no boots)
Stlth   ++                       (no amulet)
HPRegen 0.24/turn                (no ring)
MPRegen 0.08/turn                (no ring)

@: no status effects
A: no striking features
a: no special abilities


You were on level 2 of the Dungeon.
You visited 1 branch of the dungeon, and saw 2 of its levels.

You collected 32 gold pieces.

Inventory:

Hand Weapons
 a - a +2 dagger (weapon)
 c - a +0 mace
 k - a +1 antimagic spear
Armour
 e - a +0 leather armour (worn)
Magical Staves
 i - a staff of conjuration
Scrolls
 d - a scroll of teleportation
 g - a scroll of identify {unknown}
 h - a scroll of silence {unknown}
 l - a scroll of magic mapping {unknown}
Potions
 b - 2 potions of heal wounds
 f - 2 potions of might {unknown}
 j - a potion of curing {unknown}


   Skills:
 + Level 3.3 Fighting
 + Level 1.3 Short Blades
 - Level 3.0 Maces & Flails
 + Level 2.4 Armour
 + Level 1.2 Dodging
 - Level 2.0 Stealth


You had 2 spell levels left.
You didn't know any spells.
Your spell library contained the following spells:

 Spells                   Type           Power      Damage    Failure   Level
 Blink                    Tloc           0%         N/A       58%         2
 Lesser Beckoning         Tloc           0%         N/A       58%         2
 Gell's Gravitas          Tloc           0%         N/A       82%         3
 Teleport Other           Tloc           0%         N/A       82%         3
 Manifold Assault         Tloc           0%         N/A       99%         4
 Storm Form               Tmut/Air       0%         N/A       100%        7


Dungeon Overview and Level Annotations

Branches:
Dungeon (2/15)

Altars:


Message History

You hit the gnoll.
The gnoll is almost dead.
The gnoll barely misses you.
You hit the gnoll.
The gnoll is almost dead.
The gnoll barely misses you.
You hit the gnoll.
You kill the gnoll!
l - a scroll labelled YGIBUNIXAM
Things that are here:
a +0 halberd; a gnoll corpse HP restored.
There is a stone staircase leading down here.
You now have 32 gold pieces (gained 10).
A ball python comes into view.
The ball python hisses angrily.
An endoplasm comes into view.
The ball python bites you. The ball python grabs you.
The ball python constricts you.
The gnoll shouts!
The endoplasm quivers.
You hit the ball python.
The ball python is moderately wounded.
The ball python bites you. The ball python constricts you.
The gnoll hits you with a +0 flail.
You escape the ball python's grasp.
The ball python attacks as you move away!
The ball python barely misses you. x2; The gnoll hits you with a +0 flail!
* * * LOW HITPOINT WARNING * * *
The gnoll attacks as you move away! The gnoll barely misses you.
You hit the ball python.
You kill the ball python!
You hit the gnoll.
The gnoll is moderately wounded.
The gnoll hits you with a +0 flail.
* * * LOW HITPOINT WARNING * * *
You hit the gnoll.
The gnoll is severely wounded.
The gnoll hits you with a +0 flail!
You die...

#############
#.....<...).##########
########.............######..
#######
###########.>.........
......# #### #####.♣♣.♣♣..
......###...########.....♣
.g....(.....(.Jg@....#..♣♣
#g..#.......########.♣♣
#.<#............# ♣♣♣
#..#.......####...
#####....... #.......#.
#.......##. #........ .#
##....... #


You could see a gnoll and an endoplasm.

Vanquished Creatures
  A gnoll (D:2)
  An adder (D:1)
  2 ball pythons
  3 endoplasms (D:1)
  A giant cockroach (D:1)
  A hobgoblin (D:1)
  4 bats (D:1)
  3 frilled lizards (D:1)
  2 kobolds (D:1)
  3 rats (D:1)
21 creatures vanquished.

Vanquished Creatures (others)
  6 plants (D:2)
6 creatures vanquished.

Grand Total: 27 creatures vanquished

Notes
Turn   | Place    | Note
-------+----------+-------------------------------------------
     0 | D:1      | Lobster4 the Human Wanderer began the quest for the Orb.
     0 | D:1      | Lobster4 set off with the following items: a +2 dagger, 2
                  | potions of heal wounds, a +0 mace, a scroll of
                  | teleportation, a +0 leather armour.
     0 | D:1      | Reached XP level 1. HP: 18/18 MP: 1/1
   213 | D:1      | Reached XP level 2. HP: 22/24 MP: 2/2
   571 | D:1      | Reached skill level 1 in Short Blades
   877 | D:1      | Reached skill level 1 in Dodging
   877 | D:1      | Reached XP level 3. HP: 18/29 MP: 3/3
  1098 | D:2      | Slain by a gnoll

Illustrated notes

Levels and vault maps discovered:
D:1:      dpeg_arrival_simpleton_a, layout_loops_ring, minmay_misc_feat_pillars,
          nrook_uturn, minmay_misc_feat_cross
D:2:      layout_rooms, serial_bayou, serial_bayou_shore_a, serial_bayou_lake_a,
          serial_bayou_crossing, serial_bayou_pond_e, serial_bayou_pond_c,
          serial_bayou_shore_b, moated_statue, minmay_shallow_snake_nest

Skill      XL: |  1  2 |
---------------+-------+-----
Short Blades   | 1 |  1.3
Dodging        | 1 |  1.2
Fighting       | |  3.3
Maces & Flails | |  3.0
Armour         | |  2.4
Stealth        | |  2.0

Action                     || total
---------------------------++-------
  Melee: Dagger            ||   100
   Stab: Sleeping          ||     3
 Armour: Leather armour    ||    26
  Dodge: Dodged            ||    73

Table legend: (Time is in decaauts)
 A = Elapsed time spent in this place.
 B = Non-inter-level travel time spent in this place.
 C = Inter-level travel time spent in this place.
 D = Time resting spent in this place.
 E = Time spent auto-exploring this place.
 F = Levels seen in this place.
 G = Mean time per level.
                   A        B        C        D        E       F      G
               +--------+--------+--------+--------+--------+-----+--------+
         Total |   1094 |    974 |    120 |     32 |    703 |   2 |  547.0 |
       Dungeon |   1094 |    974 |    120 |     32 |    703 |   2 |  547.0 |
               +--------+--------+--------+--------+--------+-----+--------+

Top non-repeatable levels by time:
     D:1: 981 daAuts
     D:2: 113 daAuts
